Map: Winter Madness LE

Players

HoldTheDoor

  • Race: Protoss Protoss
  • League: Diamond
  • Spawn Location: 11:00

Gavibear - Winner!

  • Race: Zerg Zerg
  • Spawn Location: 5:00

VOD

Have the link to the VOD?

Description

Time

  • Played on: May 14, 2026, 1:14 p.m.
  • Length: 9:14
Show
View Real Time Build Order
Export as new Build Order

HoldTheDoor Protoss 

Build Orders: 1 Gate Expand, Zealot Archon, Dark Templar Rush 

Get SALT Encoding   

  12  0:00  Probe  
  13  0:12  Probe  
  14  0:20  Pylon  
  14  0:24  Probe  
  15  0:34  Probe  
  15  0:42  Gateway, Probe  
  17  0:50  Assimilator  
  17  0:53  Probe  
  18  1:05  Probe  
  19  1:25  Nexus  
  19  1:31  Cybernetics Core  
  19  1:37  Probe  
  20  1:42  Assimilator  
  20  1:49  Probe  
  20  1:52  Pylon  
  21  1:58  Stalker  
  21  2:01  Probe  
  22  2:11  Warp Gate  
  24  2:16  Probe  
  25  2:28  Probe, Adept, Gateway  
  29  2:37  Probe  
  29  2:40  Probe  
  30  2:46  Twilight Council  
  30  2:49  Probe  
  31  2:54  Probe  
  32  3:00  Assimilator  
  32  3:01  Probe  
  33  3:09  Robotics Facility  
  33  3:10  Probe  
  34  3:13  Probe  
  35  3:23  Probe  
  35  3:24  Dark Shrine  
  36  3:27  Pylon  
  36  3:28  Probe  
  37  3:35  Probe  
  38  3:51  Probe  
  37  4:00  Adept x2  
  41  4:04  Warp Prism  
  41  4:12  Probe  
  41  4:13  Probe  
  45  4:24  Gateway  
  45  4:26  Gateway  
  45  4:30  Pylon, Probe x2  
  47  4:32  Pylon  
  47  4:36  Pylon  
  47  4:43  Dark Templar x2  
  51  4:57  Probe x2  
  51  4:59  Charge  
  53  5:09  Forge  
  53  5:11  Pylon  
  53  5:16  Probe x2  
  55  5:22  Dark Templar  
  55  5:23  Dark Templar x3  
  51  5:59  Stalker x2  
  51  6:00  Stalker x2  
  51  6:03  Probe  
  60  6:09  Gateway  
  60  6:10  Gateway  
  60  6:13  Gateway  
  60  6:15  Gateway  
  59  6:19  Gateway  
  59  6:22  Gateway  
  59  6:30  Zealot  
  59  6:31  Zealot x3  
  67  6:34  Immortal  
  67  6:36  Protoss Ground Weapons Level 1  
  67  6:38  Nexus  
  71  6:40  Pylon  
  71  6:43  Pylon, Probe  
  72  6:54  Dark Templar  
  74  6:57  Dark Templar  
  74  7:01  Archon  
  76  7:06  Zealot  
  78  7:09  Dark Templar x2  
  78  7:13  Archon  
  82  7:16  Photon Cannon  
  82  7:19  Probe  
  82  7:21  Pylon x2  
  83  7:28  Photon Cannon  
  83  7:31  Photon Cannon  
  83  7:33  Zealot x2  
  83  7:34  Zealot  
  89  7:37  Probe x2  
  91  7:45  Dark Templar  
  91  7:47  Dark Templar  
  91  7:49  Probe  
  96  7:51  Archon  
  96  7:52  Probe x2  
  96  7:55  Observer  
  99  8:01  Probe  
  99  8:04  Zealot x3  
  106  8:12  Photon Cannon  
  106  8:14  Photon Cannon  
  106  8:15  Shield Battery  
  106  8:20  Photon Cannon  
  106  8:21  Probe  
  106  8:23  Probe  
  108  8:38  Zealot  
  108  8:39  Zealot x5  
  108  8:40  Zealot  
  122  8:43  Zealot  
  66  9:06  Zealot x9  
Show
View Real Time Build Order
Export as new Build Order

Gavibear Zerg - Winner!

Build Orders: Hatch First 

Get SALT Encoding   

  12  0:00  Drone  
  13  0:12  Overlord  
  13  0:17  Drone  
  14  0:30  Drone x2  
  16  0:49  Drone  
  17  0:50  Hatchery  
  17  0:53  Drone  
  17  0:58  Drone  
  18  1:07  Extractor  
  17  1:12  Spawning Pool  
  17  1:14  Drone  
  17  1:17  Drone  
  18  1:28  Drone  
  19  1:44  Overlord  
  19  1:57  Drone  
  20  2:01  Queen  
  20  2:02  Queen  
  20  2:03  Drone  
  20  2:04  Drone  
  26  2:14  Drone x2  
  28  2:15  Metabolic Boost  
  28  2:25  Zergling x4  
  30  2:32  Zergling x2  
  31  2:39  Drone  
  32  2:47  Queen x2  
  36  2:52  Evolution Chamber  
  36  2:57  Drone  
  36  2:58  Overlord  
  36  3:14  Overlord  
  36  3:22  Drone  
  36  3:23  Drone x7  
  36  3:24  Zerg Melee Weapons Level 1  
  44  3:29  Overlord  
  44  3:34  Pneumatized Carapace  
  44  3:55  Drone x6  
  45  3:59  Spore Crawler  
  45  4:01  Spore Crawler  
  45  4:02  Drone  
  49  4:08  Baneling Nest  
  48  4:20  Extractor, Zergling x2  
  48  4:21  Zergling x10  
  48  4:22  Extractor  
  48  4:23  Lair  
  52  4:26  Hatchery  
  51  4:36  Drone x5  
  51  4:37  Drone  
  57  4:42  Drone  
  58  4:51  Zergling x2  
  59  5:02  Overlord  
  59  5:03  Overlord  
  59  5:04  Overlord  
  59  5:12  Zergling x2  
  60  5:16  Overlord x3  
  60  5:24  Zerg Melee Weapons Level 2  
  60  5:26  Centrifugal Hooks  
  60  5:29  Overseer  
  60  5:41  Zergling x2  
  60  5:42  Zergling x20  
  69  6:02  Drone x2  
  69  6:03  Hydralisk Den  
  70  6:08  Hatchery  
  69  6:17  Drone  
  70  6:24  Spore Crawler  
  70  6:25  Drone x3  
  71  6:27  Drone  
  71  6:28  Extractor  
  71  6:35  Baneling x3  
  71  6:36  Baneling x3  
  71  6:48  Grooved Spines  
  71  6:51  Overseer  
  71  6:54  Hydralisk x7  
  71  6:59  Drone  
  86  7:01  Queen  
  86  7:03  Hatchery  
  87  7:10  Drone  
  87  7:11  Drone x5  
  93  7:25  Queen  
  93  7:26  Overlord x4  
  95  7:43  Drone x2, Infestation Pit  
  96  7:44  Spire  
  96  7:45  Muscular Augments  
  96  7:46  Hydralisk x3  
  96  7:48  Zergling x2  
  96  7:49  Zergling x6  
  105  7:57  Drone x6  
  105  7:58  Drone x3  
  114  8:21  Extractor  
  114  8:22  Extractor  
  114  8:23  Drone x3  
  114  8:24  Drone x3  
  114  8:25  Zergling x6  
  114  8:26  Zergling x4  
  123  8:28  Hatchery, Baneling x9  
  122  8:35  Zergling x12  
  122  8:38  Baneling  
  122  8:39  Baneling x6  
  122  8:40  Baneling  
  122  8:41  Baneling x2  
  128  8:42  Baneling x2  
  128  8:43  Baneling  
Tags
 
Add a new tag
Caveats
  • Supply blocks, unpowered buildings, or Contaminate may cause inaccurate times.
  • Supply counts are checked every 10 seconds.